 Dungeon Crawl Stone Soup version 0.28-a0-793-g31680bbd8b (webtiles) character file.

Game seed: 18152903379092037540

6 demibob the Ruffian (level 1, 15/19 HPs)
             Began as a Ghoul Monk on Nov 4, 2021.
             Was a Believer of Qazlal.
             Quit the game on level 1 of the Dungeon.
             The game lasted 00:00:24 (275 turns).

demibob the Ruffian (Ghoul Monk)                     Turns: 275, Time: 00:00:25

Health: 15/19      AC:  2    Str: 14    XL:     1   Next: 90%
Magic:  0/0        EV: 12    Int:  5    God:    Qazlal [**....]
Gold:   12         SH:  3    Dex: 11    Spells: 0/0 levels left

rFire   . . .      SeeInvis .     - Unarmed
rCold   + . .      Faith    .   (no shield)
rNeg    + + +      Spirit   .   a - +0 robe
rPois   ∞          Reflect  .   (no helmet)
rElec   .          Harm     .   (no cloak)
rCorr   .          Rampage  .   (no gloves)
Will    .....                   (no boots)
Stlth   +.........              (no amulet)
HPRegen 0.06/turn               (no ring)
MPRegen 0.07/turn               (no ring)

@: no status effects
A: claws 1, cold resistance 1, negative energy resistance 3, inhibited
regeneration, torment resistance 2
a: Renounce Religion, Upheaval


You were on level 1 of the Dungeon.
You worshipped Qazlal.
Qazlal was pleased with you.
You visited 1 branch of the dungeon, and saw 1 of its levels.

You collected 12 gold pieces.


Innate Abilities, Weirdness & Mutations

You thrive by killing the living.
You are immune to poison.
You have sharp fingernails.
Your flesh is cold resistant. (rC+)
You are immune to negative energy. (rN+++)
You do not regenerate when monsters are visible.
You are immune to unholy pain and torment.


   Skills:
 - Level 3.2 Fighting
 - Level 2.6 Dodging
 - Level 2.1 Stealth
 + Level 3.8 Unarmed Combat


You couldn't memorise any spells.
You didn't know any spells.
Your spell library was empty.

Inventory:

Armour
 a - a +0 robe (worn)

Dungeon Overview and Level Annotations

Branches:
Dungeon (1/15)

Altars:
Qazlal

##......##.... #....#.##
..... #.##...# ..... #
#..##..## .... #. ....##..###
... #.#######.##.##....# #
#.........#♣.♣####.# .#
#.........##.# #.###..#
####.........#♣@♣####.#....##
.............##.##...........
####.........#♣.♣####........
..........>..##.####..####.##
.###............##...## #
#.......?.......######
#............#..†....## .
#..............###....#...#
####.........####..........


There were no monsters in sight!


Message History

Found a stone staircase leading down.
Found a faded altar of an unknown god.
You now have 12 gold pieces.
A hobgoblin comes into view.
You see here a scroll labelled CETRIE USIYQIK.
A hobgoblin is nearby!
A hobgoblin is nearby!
The hobgoblin shouts!
The hobgoblin hits you.
You barely miss the hobgoblin. The hobgoblin closely misses you.
You scratch the hobgoblin.
The hobgoblin is moderately wounded.
The hobgoblin barely misses you.
You barely miss the hobgoblin.
The hobgoblin is moderately wounded.
The hobgoblin misses you.
You scratch the hobgoblin.
The hobgoblin is heavily wounded.
The hobgoblin hits you.
You claw the hobgoblin!
You kill the hobgoblin!
Search for what [? for help]? altar
There is a faded altar of an unknown god here.
You cannot tell which god this altar belongs to.
Convert to them anyway?
Qazlal accepts your prayer! Qazlal welcomes you!
You are now surrounded by a storm.
You can now call upon nature to destroy your foes.
Qazlal grants you and your divine allies immunity to clouds.
Are you sure you want to abandon this character and quit the game? (Confirm with "yes".)

Action                   || total
-------------------------++-------
Melee: Unarmed           ||    20
Armor: Robe              ||     5
Dodge: Dodged            ||    20

Levels and vault maps discovered:
D:1:      minmay_arrival_doors, layout_rooms, ebering_ecumenical_altar_hall

Notes
Turn   | Place    | Note
-------+----------+-------------------------------------------
     0 | D:1      | demibob the Ghoul Monk began the quest for the Orb.
     0 | D:1      | Reached XP level 1. HP: 19/19 MP: 0/0
   241 | D:1      | Found a faded altar of an unknown god.
   274 | D:1      | Prayed at the altar of an unknown god.
   274 | D:1      | Became a worshipper of Qazlal Stormbringer
   274 | D:1      | Reached * piety under Qazlal
   274 | D:1      | Reached ** piety under Qazlal
   275 | D:1      | Quit the game

Vanquished Creatures
  A bat (D:1)
  A giant cockroach (D:1)
  2 hobgoblins (D:1)
  A rat (D:1)
5 creatures vanquished.

Table legend: (Time is in decaauts)
 A = Elapsed time spent in this place.
 B = Non-inter-level travel time spent in this place.
 C = Inter-level travel time spent in this place.
 D = Time resting spent in this place.
 E = Time spent auto-exploring this place.
 F = Levels seen in this place.
 G = Mean time per level.
                   A        B        C        D        E       F      G
               +--------+--------+--------+--------+--------+-----+--------+
         Total |    273 |    262 |     11 |    165 |     48 |   1 |  273.0 |
       Dungeon |    273 |    262 |     11 |    165 |     48 |   1 |  273.0 |
               +--------+--------+--------+--------+--------+-----+--------+

Top non-repeatable levels by time:
     D:1: 273 daAuts

Table legend:
 A = Non-vault XP
 B = Vault XP
 C = Vault XP percentage of total XP
 D = Non-vault monster count
 E = Vault monster count
 F = Vault count percentage of total count
                 A         B        C        D         E       F
            +---------+---------+-------+---------+---------+-------
      Total |       9 |       0 |   0.0 |       5 |       0 |   0.0
            +---------+---------+-------+---------+---------+-------
        D:1 |       9 |       0 |   0.0 |       5 |       0 |   0.0
            +---------+---------+-------+---------+---------+-------
